 Dungeon Crawl Stone Soup version 0.25.1-2-g60ff931df9 (webtiles) character file.

Game seed: 16724323806134823181

160 funkygono the Bolt Thrower (level 5, -1/45 HPs)
             Began as a Deep Dwarf Hunter on Nov 8, 2020.
             Killed from afar by Blork the orc (5 damage)
             ... with a puff of frost
             ... on level 3 of the Dungeon.
             The game lasted 00:06:38 (2620 turns).

funkygono the Bolt Thrower (Deep Dwarf Hunter)      Turns: 2620, Time: 00:06:38

Health: -1/45      AC:  5    Str: 16    XL:     5   Next: 17%
Magic:  5/5        EV: 12    Int: 12    God:
Gold:   149        SH:  0    Dex: 13    Spells: 4/4 levels left

rFire    . . .     SeeInvis .   a - +0 hand axe
rCold    . . .     Gourm    .   (no shield)
rNeg     . . .     Faith    .   c - +0 leather armour
rPois    .         Spirit   .   n - +1 helmet
rElec    .         Reflect  .   (no cloak)
rCorr    .         Harm     .   (no gloves)
MR       .....                  (no boots)
Stlth    ++........             s - amulet of inaccuracy (curse)
HPRegen  0.00/turn              (no ring)
MPRegen  0.09/turn              (no ring)

@: lethally poisoned (-1 -> -1), non-regenerating
A: damage resistance, heal wounds, sense surroundings 1, no regeneration
a: Heal Wounds


You were on level 3 of the Dungeon.
You were very hungry.

You visited 1 branch of the dungeon, and saw 4 of its levels.

You collected 149 gold pieces.

Inventory:

Hand Weapons
 a - a +0 hand axe (weapon)
 b - a +1 hand crossbow
 r - a +0 short sword
Missiles
 d - 11 bolts
Armour
 c - a +0 leather armour (worn)
 n - a +1 helmet (worn)
Jewellery
 s - a cursed amulet of inaccuracy (around neck)
Scrolls
 h - 2 scrolls of fear
 m - 2 scrolls of teleportation
Potions
 e - 2 potions of stabbing
 g - a potion of curing
 i - a potion of magic
 j - 2 potions of flight
 l - a potion of haste {unknown}
 o - a potion of might {unknown}
 p - a potion of lignification {unknown}
Comestibles
 f - 4 rations


   Skills:
 + Level 2.2 Fighting
 + Level 6.5 Crossbows
 + Level 1.3 Armour
 + Level 2.4 Dodging
 - Level 1.4 Stealth


You had 4 spell levels left.
You didn't know any spells.
Your spell library was empty.

Dungeon Overview and Level Annotations

Branches:
Dungeon (4/15)
 Temple: D:4-7

Altars:
Ashenzari
Makhleb

Annotations:
D:3 Blork the orc


Innate Abilities, Weirdness & Mutations

You are resistant to damage.
You can heal yourself by infusing magical energy.
You passively map a small area around you.
You do not regenerate.


Message History

You miss Blork the orc.
Blork the orc looks satisfied for a moment.
The worker ant bites you.
You are poisoned.
The worker ant poisons you!
Blork the orc gestures at you while chanting.
The puff of flame hits you.
* * * LOW HITPOINT WARNING * * *
You closely miss the worker ant.
The worker ant is moderately wounded.
You hit Blork the orc but do no damage. The worker ant barely misses you.
Blork the orc hits you with a +0 hand axe.
* * * LOW HITPOINT WARNING * * *
The worker ant closely misses you.
You miss the worker ant.
The worker ant is moderately wounded.
You barely miss Blork the orc. The worker ant closely misses you.
Blork the orc points at you and mumbles some strange words.
The puff of frost hits you.
You die...

#......
###############.##
#...............#
#.#.......#######
#.#.......########
#.'...)...........
#r#.......########
#o#.......########
#@a...............
###.^.....########
#################
#................
#.####....#######
#.# #....# #.. #.#
#....# #.#
#.####....#####.#
#.#.............#


You could see Blork the orc, a worker ant and a quokka.

Vanquished Creatures
  A hound (D:2)
  Jessica (D:2)
  2 adders (D:2)
  2 oozes
  A worm (D:2)
  4 dart slugs (D:1)
  An orc (D:3)
  A ball python (D:1)
  4 giant cockroaches
  3 goblins
  9 hobgoblins
  5 jackals (D:2)
  A quokka (D:2)
  11 bats
  3 frilled lizards
  8 kobolds
  8 rats
65 creatures vanquished.

Notes
Turn   | Place    | Note
-------+----------+-------------------------------------------
     0 | D:1      | funkygono the Deep Dwarf Hunter began the quest for the
                  | Orb.
     0 | D:1      | Reached XP level 1. HP: 19/19 MP: 1/1
    20 | D:1      | Found a shattered altar of Ashenzari.
   150 | D:1      | Reached XP level 2. HP: 24/26 MP: 2/2
   234 | D:1      | Reached skill level 5 in Crossbows
   388 | D:1      | Reached XP level 3. HP: 30/32 MP: 3/3
   390 | D:1      | You fall into a shaft and drop 1 floor!
   501 | D:2      | Reached skill level 6 in Crossbows
   501 | D:2      | Reached XP level 4. HP: 28/39 MP: 4/4
   517 | D:2      | Found a burning altar of Makhleb.
  1196 | D:2      | Noticed Jessica
  1208 | D:2      | Killed Jessica
  1208 | D:2      | Reached skill level 1 in Armour
  1312 | D:2      | Reached XP level 5. HP: 44/45 MP: 5/5
  2594 | D:4      | Noticed Blork the orc
  2614 | D:3      | HP: 2/45 [worker ant (5)]
  2620 | D:3      | Killed from afar by Blork the orc

Illustrated notes

Levels and vault maps discovered:
D:1:      onia_arrival_pyramid, layout_basic, ashenzari_altar_1
D:2:      layout_basic, makhleb_heckhound_becter, uniq_jessica
D:3:      layout_basic
D:4:      layout_rooms, first_ration, uniq_menkaure, uniq_crazy_yiuf_cottage,
          uniq_blork_the_orc

Skill      XL: |  1  2  3  4 |
---------------+-------------+-----
Crossbows      | 5 6 |  6.5
Fighting       | 2 |  2.2
Armour         | 1 |  1.3
Dodging        | |  2.4
Stealth        | |  1.4

Action                   |  1- 3 |  4- 6 || total
-------------------------+-------+-------++-------
Melee: Short sword       |       |    20 ||    20
       Hand axe          |       |    15 ||    15
 Fire: Hand crossbow     |    72 |    61 ||   133
 Abil: Heal Wounds       |       |     1 ||     1
  Use: Scroll            |       |    10 ||    10
       Potion            |       |     1 ||     1
  Eat: Chunk             |       |     4 ||     4
Armor: Leather armour    |     3 |     9 ||    12
Dodge: Dodged            |    15 |    42 ||    57
